 Dungeon Sprint DCSS version 0.16-a0-3781-g2316936 (console) character file.

30573 Monkaria the Fencer (level 13, -3/125 HPs)
             Began as a Hill Orc Fighter on Jan 25, 2015.
             Was a High Priest of Makhleb.
             Killed from afar by a deep elf knight (37 damage)
             ... with a shard of ice
             ... in the Dungeon (Sprint IX: "|||||||||||||||||||||||||||||").
             The game lasted 00:25:54 (4247 turns).

Monkaria the Fencer (Hill Orc Fighter)              Turns: 4247, Time: 00:25:55

Health: -3/125     AC: 37    Str: 21    XL:     13   Next: 52%
Magic:  29/29      EV: 12    Int:  8    God:    Makhleb [*****.]
Gold:   1218       SH:  0    Dex: 15    Spells: 0 memorised, 12 levels left

rFire  + . .     SeeInvis .     L - +0 triple sword
rCold  + . .     Clarity  .     O - +13 plate armour of the Black Moon {Str-3 Dex+5}
rNeg   . . .     SustAb   .     (no shield)
rPois  .         Gourm    .     q - +0 helmet
rElec  .         Spirit   .     (no cloak)
rCorr  .         Warding  .     u - +0 pair of gloves
rMut   .         NoTele   +     M - +1 pair of boots
MR     .....                    H - amulet of regeneration
Stlth  ..........               J - ring of protection from fire
                                I - ring of protection from cold

@: very slightly contaminated, invisible, not resistant to hostile enchantments,
extremely unstealthy
A: no striking features
a: Minor Destruction, Lesser Servant of Makhleb, Major Destruction, Greater
Servant of Makhleb, Renounce Religion


You were in the Dungeon.
You worshipped Makhleb.
Makhleb was extremely pleased with you.
You were very hungry.

You visited 1 branch You collected 1791 gold pieces.
You spent 573 gold pieces at shops.

Inventory:

Hand weapons
 p - a +2 scimitar of holy wrath
 z - a +0 scimitar of flaming
 L - a +0 triple sword (weapon)
Missiles
 r - 6 tomahawks (quivered)
 y - 12 poisoned needles
Armour
 q - a +0 helmet (worn)
 u - a +0 pair of gloves (worn)
 M - a +1 pair of boots (worn)
 N - a +1 large shield
 O - the +13 plate armour of the Black Moon (worn) {Str-3 Dex+5}
   (You found it in the Dungeon)

   It affects your strength (-3).
   It affects your dexterity (+5).
 P - a +0 mottled dragon armour
 Q - a +1 fire dragon armour
Jewellery
 s - a +3 ring of strength
 t - a +2 ring of protection
 D - an uncursed ring of ice
 H - an amulet of regeneration (around neck)
 I - a ring of protection from cold (left hand)
 J - a ring of protection from fire (right hand)
 K - an uncursed ring of see invisible
Magical devices
 o - a wand of draining (3)
Scrolls
 k - a scroll of blinking
 m - 5 scrolls of remove curse
 n - 2 scrolls of amnesia
 w - 4 scrolls of identify
 x - a scroll of fog
 E - 3 scrolls of enchant armour
 F - a scroll of magic mapping
 G - a scroll of immolation
Potions
 a - a potion of restore abilities
 b - 2 potions of cure mutation
 e - a potion of might
 f - 3 potions of curing
 h - a potion of haste
 i - 4 potions of magic
 R - a potion of agility
 S - a potion of brilliance
Miscellaneous
 v - a fan of gales
Comestibles
 c - 7 chunks of flesh
 d - 13 meat rations
 A - 42 fruits
 B - 11 bread rations


   Skills:
 - Level 14.3 Fighting
 - Level 20.0 Long Blades
 - Level 18.0 Armour
 + Level 9.5 Dodging
 - Level 11.1 Shields
 - Level 11.1 Invocations
 - Level 14.5 Evocations


You had 12 spell levels left.
You didn't know any spells.

Dungeon Overview and Level Annotations

Branches:
Dungeon (1/1)

Altars:
Cheibriados
Dithmenos
Elyvilon
Fedhas
Gozag
Kikubaaqudgha
Makhleb
Nemelex Xobeh
Okawaru
Qazlal
Ru
Sif Muna
Trog
Vehumet
Xom
Yredelemnul
Zin
The Shining One
Beogh
Jiyva
Lugonu

Shops:
D =%?[


Message History

The deep elf knight blocks your attack.
The deep elf knight is severely wounded.
The deep elf knight hits you with an uncursed long sword!
* * * LOW HITPOINT WARNING * * *
Drink which item? (? for menu, Esc to quit)
Okay, then.
Unknown command.
Press: ? - help, v - describe, . - travel
Here: a deep elf knight, wielding a long sword (severely wounded, protected by a disc of dense vapour)
The floor, spattered with blood.
Drink which item? (? for menu, Esc to quit)
You fade into invisibility!
The deep elf knight barely misses you.
You are very lightly contaminated with residual magic.
The deep elf knight casts a spell.
The deep elf knight flickers and vanishes!
Deactivating autopickup; reactivate with Ctrl-A.
You hear some strange, mumbled words.
The shard of ice hits you! You partially resist.
You die...

▓▓▓▓▓▓▓▓▓▓▓▓▓▓▓▓▓▓▓▓
...▓...▓...▓...▓...▓
.▓.▓.▓.▓.▓.▓.▓.▓{▓.▓
.▓.▓.▓.▓)▓.▓.▓.▓.▓.▓
.▓.▓.▓.▓.▓.▓.▓.▓.▓.▓
'▓.▓'▓.▓.▓.▓.▓.▓@▓.▓
.▓.▓.▓.▓.▓.▓.▓.▓.▓.▓
.▓.▓.▓.▓.▓.▓.▓.▓.▓e▓
.▓.▓[▓.▓.▓.▓.▓.▓.▓.▓
.▓.▓[▓.▓.▓.▓.▓.▓.▓.▓
.▓.▓.▓.▓'▓.▓'▓.▓.▓.▓
.▓.▓[▓.▓.▓.▓.▓.▓.▓.▓
)▓.▓.▓.▓.▓.▓.▓.▓.▓.▓
.▓.▓.▓.▓.▓.▓.▓.▓'▓.▓


There were no monsters in sight!

Vanquished Creatures
  2 stone giants (D)
  A fire dragon (D)
  A merfolk impaler (D)
  A naga warrior (D)
  3 ogre magi (D)
  A satyr (D)
  A deep troll earth mage (D)
  A shock serpent (D)
  An iron troll (D)
  2 unseen horrors (D)
  A spriggan druid (D)
  2 deep trolls (D)
  3 hill giants (D)
  A mana viper (D)
  A wolf spider (D)
  2 griffons (D)
  2 manticores (D)
  2 sirens (D)
  Maurice (D)
  A torpor snail (D)
  A yaktaur (D)
  A naga mage (D)
  An efreet (D)
  A merfolk (D)
  2 polar bears (D)
  A slime creature (D)
  2 jumping spiders (D)
  A raven (D)
  A tarantella (D)
  A redback (D)
  A deep elf mage (D)
  A trapdoor spider (D)
  2 yaks (D)
  3 hungry ghosts (D)
  A vampire mosquito (D)
  3 hippogriffs (D)
  A wolf (D)
  A water moccasin (D)
  A wasp (D)
  A black bear (D)
  14 orc warriors (D)
  5 crocodiles (D)
  A centaur (D)
  2 giant frogs (D)
  A scorpion (D)
  A hound (D)
  An orc priest (D)
  3 orc wizards (D)
  2 iguanas (D)
  A sheep (D)
  3 adders (D)
  10 orcs (D)
  3 bats (D)
  A bat skeleton (D)
  2 goblins (D)
  3 kobolds (D)
  2 quokkas (D)
  A giant gecko skeleton (D)
113 creatures vanquished.

Vanquished Creatures (collateral kills)
  A golden dragon (D)
  A thorn hunter (D)
  An emperor scorpion (D)
  A dire elephant (D)
  A fire dragon (D)
  2 yaktaur captains (D)
  An ogre mage (D)
  An ice dragon (D)
  A deep troll shaman (D)
  A deep troll earth mage (D)
  A shambling mangrove (D)
  A hill giant (D)
  A deep troll (D)
  A water nymph (D)
  A spiny frog (D)
  2 naga magi (D)
  3 yaktaurs (D)
  3 trolls (D)
  A giant leech (D)
  A raven (D)
  3 polar bears (D)
  2 bog bodies (D)
  An insubstantial wisp (D)
  3 water moccasins (D)
  A wasp (D)
  2 black bears (D)
38 creatures vanquished.

Vanquished Creatures (others)
  2 Executioners (D)
  A balrug (D)
  A cacodemon (D)
  2 blizzard demons (D)
  2 green deaths (D)
  A shambling mangrove (D)
  7 air elementals (D)
  A crimson imp (D)
  A briar patch (D)
18 creatures vanquished.

Grand Total: 169 creatures vanquished

Notes
Turn   | Place    | Note
--------------------------------------------------------------
     0 | D        | Monkaria, the Hill Orc Fighter, began the quest for the Orb.
     0 | D        | Reached XP level 1. HP: 19/19 MP: 1/1
     7 | D        | Reached skill level 4 in Fighting
    21 | D        | Reached skill level 5 in Fighting
    21 | D        | Reached XP level 2. HP: 25/29 MP: 2/2
    40 | D        | Found a glowing silver altar of Zin.
    40 | D        | Found a glowing golden altar of the Shining One.
    40 | D        | Found an ancient bone altar of Kikubaaqudgha.
    40 | D        | Found a basalt altar of Yredelemnul.
    40 | D        | Found a shimmering altar of Xom.
    40 | D        | Found a radiant altar of Vehumet.
    40 | D        | Found an iron altar of Okawaru.
    41 | D        | Found a burning altar of Makhleb.
    42 | D        | Found a deep blue altar of Sif Muna.
    43 | D        | Found a bloodstained altar of Trog.
    44 | D        | Found a sparkling altar of Nemelex Xobeh.
    45 | D        | Found a white marble altar of Elyvilon.
    46 | D        | Found a roughly hewn altar of Beogh.
    47 | D        | Found a viscous altar of Jiyva.
    48 | D        | Found a corrupted altar of Lugonu.
    49 | D        | Found a blossoming altar of Fedhas.
    50 | D        | Became a worshipper of Makhleb the Destroyer
    51 | D        | Found a snail-covered altar of Cheibriados.
    52 | D        | Found a shadowy altar of Dithmenos.
    53 | D        | Found a stormy altar of Qazlal.
    54 | D        | Found an opulent altar of Gozag.
    55 | D        | Found a sacrificial altar of Ru.
   104 | D        | Noticed an orc wizard
   104 | D        | Noticed a hound
   104 | D        | Noticed an orc warrior
   104 | D        | Noticed a yak
   110 | D        | Killed a yak
   110 | D        | Reached skill level 9 in Fighting
   110 | D        | Reached XP level 3. HP: 9/44 MP: 3/3
   110 | D        | Reached XP level 4. HP: 10/50 MP: 4/4
   110 | D        | Reached XP level 5. HP: 11/57 MP: 5/5
   111 | D        | Killed an orc warrior
   111 | D        | Acquired Makhleb's first power
   111 | D        | Reached skill level 10 in Fighting
   111 | D        | Reached XP level 6. HP: 12/67 MP: 6/6
   112 | D        | Killed a hound
   112 | D        | Reached skill level 10 in Long Blades
   122 | D        | Killed an orc wizard
   123 | D        | Killed an unseen horror
   123 | D        | Acquired Makhleb's second power
   123 | D        | Reached skill level 15 in Long Blades
   123 | D        | Reached XP level 7. HP: 40/73 MP: 7/7
   266 | D        | Noticed a hungry ghost
   266 | D        | Noticed a giant frog
   266 | D        | Noticed a deep elf mage
   266 | D        | Noticed a hungry ghost
   266 | D        | Noticed a hippogriff
   272 | D        | Killed a hippogriff
   272 | D        | Acquired Makhleb's third power
   272 | D        | Reached XP level 8. HP: 81/81 MP: 7/14
   274 | D        | Killed a hungry ghost
   281 | D        | Killed a deep elf mage
   288 | D        | Killed a giant frog
   288 | D        | Acquired Makhleb's fourth power
   292 | D        | Killed a hungry ghost
   292 | D        | Reached skill level 10 in Invocations
   423 | D        | Noticed a crocodile
   423 | D        | Noticed a wolf
   423 | D        | Noticed a crocodile
   423 | D        | Noticed an iguana
   428 | D        | Noticed a water moccasin
   428 | D        | Killed an iguana
   432 | D        | Acquired Makhleb's fifth power
   446 | D        | Killed a crocodile
   460 | D        | Killed a wolf
   462 | D        | Killed a crocodile
   462 | D        | Reached XP level 9. HP: 59/86 MP: 23/23
   470 | D        | Killed a water moccasin
   573 | D        | Noticed a crocodile
   573 | D        | Noticed a crocodile
   573 | D        | Noticed a yak
   573 | D        | Noticed a giant frog
   573 | D        | Noticed a hippogriff
   573 | D        | Noticed an iguana
   573 | D        | Noticed a crocodile
   575 | D        | Killed a crocodile
   581 | D        | Noticed a hippogriff
   582 | D        | Killed an iguana
   584 | D        | Killed a hippogriff
   588 | D        | Killed a giant frog
   594 | D        | Killed a yak
   594 | D        | Reached skill level 10 in Armour
   602 | D        | Killed a crocodile
   608 | D        | Killed a crocodile
   608 | D        | Reached skill level 5 in Shields
   621 | D        | Killed a hippogriff
   698 | D        | Noticed a polar bear
   698 | D        | Noticed a polar bear
   698 | D        | Noticed a polar bear
   698 | D        | Noticed a polar bear
   698 | D        | Noticed a black bear
   698 | D        | Noticed a polar bear
   698 | D        | Noticed a black bear
   704 | D        | Killed a polar bear
   705 | D        | Killed a black bear
   708 | D        | Noticed a black bear
   708 | D        | Killed a polar bear
   712 | D        | Killed a black bear
   716 | D        | Killed a polar bear
   726 | D        | Killed a polar bear
   734 | D        | Killed a black bear
   734 | D        | Reached skill level 10 in Shields
   737 | D        | Killed a polar bear
   737 | D        | Reached XP level 10. HP: 56/94 MP: 24/24
   992 | D        | Noticed an orc wizard
   993 | D        | Noticed an orc warrior
  1002 | D        | Noticed an orc warrior
  1003 | D        | Noticed an orc warrior
  1005 | D        | Killed an orc wizard
  1017 | D        | Killed an orc warrior
  1018 | D        | Noticed an orc wizard
  1021 | D        | Noticed an orc warrior
  1029 | D        | Killed an orc warrior
  1046 | D        | Killed an orc warrior
  1061 | D        | Killed an orc warrior
  1071 | D        | Killed an orc wizard
  1641 | D        | Noticed an orc warrior
  1641 | D        | Noticed an orc priest
  1641 | D        | Noticed an orc warrior
  1641 | D        | Noticed an orc warrior
  1641 | D        | Noticed an orc warrior
  1641 | D        | Noticed an orc warrior
  1644 | D        | Noticed an orc warrior
  1649 | D        | Noticed an orc warrior
  1654 | D        | Killed an orc warrior
  1660 | D        | Killed an orc warrior
  1664 | D        | Noticed an orc warrior
  1666 | D        | Killed an orc warrior
  1668 | D        | Noticed an orc warrior
  1673 | D        | Killed an orc warrior
  1673 | D        | Reached skill level 16 in Long Blades
  1683 | D        | Killed an orc warrior
  1689 | D        | Killed an orc warrior
  1696 | D        | Killed an orc warrior
  1699 | D        | Killed an orc warrior
  1703 | D        | Killed an orc warrior
  1710 | D        | Killed an orc priest
  1889 | D        | Found Ofikkatu's Armour Boutique.
  1889 | D        | Noticed a deep troll
  1889 | D        | Noticed a hill giant
  1889 | D        | Noticed an ogre mage
  1889 | D        | Noticed an iron troll
  1889 | D        | Noticed a deep troll
  1889 | D        | Noticed a hill giant
  1898 | D        | Killed a hill giant
  1898 | D        | Reached skill level 17 in Long Blades
  1905 | D        | Noticed a troll
  1920 | D        | Noticed a deep troll
  1928 | D        | Killed an ogre mage
  1933 | D        | Killed an iron troll
  1940 | D        | Killed a deep troll
  1940 | D        | Reached XP level 11. HP: 71/102 MP: 25/25
  1953 | D        | Killed a hill giant
  1953 | D        | Reached skill level 10 in Evocations
  1960 | D        | Killed a deep troll
  1965 | D        | Killed a troll
  1968 | D        | Killed a deep troll
  1976 | D        | Found Moexoem's Magic Scroll Shop.
  1979 | D        | Found Ocipsau's Food Boutique.
  1983 | D        | Found Atoo's Jewellery Shop.
  1985 | D        | Noticed a troll
  1987 | D        | Noticed an ogre mage
  1991 | D        | Noticed a hill giant
  1993 | D        | Noticed a troll
  1994 | D        | Killed a troll
  2003 | D        | Noticed an ogre mage
  2004 | D        | Killed an ogre mage
  2009 | D        | Killed a hill giant
  2028 | D        | Killed an ogre mage
  2030 | D        | Killed a troll
  2058 | D        | Bought a scroll of enchant armour for 82 gold pieces
  2058 | D        | Bought a scroll of identify for 22 gold pieces
  2058 | D        | Bought a scroll of magic mapping for 38 gold pieces
  2058 | D        | Bought a scroll of immolation for 38 gold pieces
  2058 | D        | Bought a scroll of remove curse for 33 gold pieces
  2070 | D        | Bought an uncursed amulet of regeneration for 360 gold pieces
  2175 | D        | Noticed Maurice
  2207 | D        | Killed Maurice
  2318 | D        | Got the +13 plate armour of the Black Moon {Str-3 Dex+5}
  2373 | D        | Noticed a centaur
  2373 | D        | Noticed a hill giant
  2373 | D        | Noticed an efreet
  2373 | D        | Noticed a hungry ghost
  2373 | D        | Noticed a griffon
  2373 | D        | Noticed a vampire mosquito
  2374 | D        | Killed a vampire mosquito
  2377 | D        | Killed an unseen horror
  2378 | D        | Noticed a crimson imp
  2383 | D        | Noticed a yaktaur
  2384 | D        | Noticed an ogre mage
  2385 | D        | Killed a griffon
  2392 | D        | Killed a hungry ghost
  2402 | D        | Killed an efreet
  2403 | D        | Killed a hill giant
  2409 | D        | Killed a centaur
  2409 | D        | Killed a crimson imp
  2414 | D        | Killed a yaktaur
  2430 | D        | Killed an ogre mage
  2433 | D        | Noticed a dire elephant
  2434 | D        | Noticed a yaktaur
  2434 | D        | Noticed a yaktaur captain
  2435 | D        | Noticed a stone giant
  2436 | D        | Noticed a stone giant
  2443 | D        | Killed a dire elephant
  2443 | D        | Reached XP level 12. HP: 99/113 MP: 28/28
  2445 | D        | Killed a yaktaur captain
  2447 | D        | Killed a yaktaur
  2460 | D        | Killed a stone giant
  2460 | D        | Reached skill level 15 in Armour
  2471 | D        | Killed a stone giant
  2602 | D        | Noticed a manticore
  2602 | D        | Noticed a water nymph
  2602 | D        | Noticed a manticore
  2602 | D        | Noticed a siren
  2602 | D        | Noticed a griffon
  2602 | D        | Noticed a siren
  2602 | D        | Noticed a merfolk impaler
  2603 | D        | Noticed a satyr
  2613 | D        | Killed a merfolk impaler
  2629 | D        | Noticed a merfolk
  2635 | D        | Killed a siren
  2647 | D        | Killed a griffon
  2681 | D        | Killed a siren
  2686 | D        | Killed a manticore
  2691 | D        | HP: 1/117 [drowned by a water nymph (11)]
  3092 | D        | Killed a water nymph
  3163 | D        | Killed a manticore
  3197 | D        | Killed a satyr
  3229 | D        | Killed a merfolk
  3255 | D        | Noticed a scorpion
  3255 | D        | Noticed a redback
  3255 | D        | Noticed a wolf spider
  3255 | D        | Noticed a torpor snail
  3255 | D        | Noticed a tarantella
  3255 | D        | Noticed a wasp
  3256 | D        | Killed a wasp
  3266 | D        | Killed a tarantella
  3272 | D        | Killed a torpor snail
  3272 | D        | Reached skill level 18 in Armour
  3276 | D        | Killed a wolf spider
  3279 | D        | Killed a redback
  3280 | D        | Killed a scorpion
  3285 | D        | Noticed a jumping spider
  3321 | D        | Noticed a jumping spider
  3337 | D        | Killed a jumping spider
  3350 | D        | Killed a jumping spider
  3374 | D        | Noticed a trapdoor spider
  3376 | D        | Killed a trapdoor spider
  3419 | D        | Noticed a naga mage
  3419 | D        | Noticed a shock serpent
  3419 | D        | Noticed a water moccasin
  3419 | D        | Noticed a water moccasin
  3419 | D        | Noticed a mana viper
  3419 | D        | Noticed a naga mage
  3419 | D        | Noticed a naga mage
  3426 | D        | Noticed a naga warrior
  3426 | D        | Killed a naga mage
  3428 | D        | Killed a naga mage
  3430 | D        | Killed a water moccasin
  3430 | D        | Killed a water moccasin
  3430 | D        | Killed a water moccasin
  3444 | D        | Killed a shock serpent
  3446 | D        | Killed a mana viper
  3462 | D        | Killed a naga mage
  3464 | D        | Killed a naga warrior
  3544 | D        | Noticed a giant leech
  3544 | D        | Noticed a bog body
  3544 | D        | Noticed a shambling mangrove
  3544 | D        | Noticed a bog body
  3544 | D        | Noticed a thorn hunter
  3544 | D        | Noticed a shambling mangrove
  3544 | D        | Noticed a spriggan druid
  3549 | D        | Killed a spriggan druid
  3549 | D        | Reached skill level 19 in Long Blades
  3549 | D        | Reached XP level 13. HP: 124/124 MP: 29/29
  3556 | D        | Killed a shambling mangrove
  3576 | D        | HP: 4/124 [thorn hunter (8)]
  3582 | D        | HP: 3/124 [poisoned by a bog body (dark miasma)]
  3588 | D        | HP: 5/124 [poisoned by a bog body (dark miasma)]
  3775 | D        | Killed a thorn hunter
  3776 | D        | Killed a bog body
  3793 | D        | Killed a shambling mangrove
  3798 | D        | Killed a bog body
  3810 | D        | Killed a giant leech
  3810 | D        | Reached skill level 20 in Long Blades
  3829 | D        | Noticed a spiny frog
  3830 | D        | Noticed an insubstantial wisp
  3833 | D        | Killed a spiny frog
  3835 | D        | Killed an insubstantial wisp
  3956 | D        | Noticed a deep troll earth mage
  3956 | D        | Noticed a fire dragon
  3956 | D        | Noticed a slime creature
  3956 | D        | Noticed a deep troll earth mage
  3956 | D        | Noticed a yaktaur
  3956 | D        | Noticed an ice dragon
  3956 | D        | Noticed a yaktaur
  3958 | D        | Killed a yaktaur
  3958 | D        | Reached skill level 1 in Dodging
  3962 | D        | Killed an ice dragon
  3963 | D        | Killed a yaktaur
  3964 | D        | Noticed a golden dragon
  3965 | D        | Killed a deep troll earth mage
  3967 | D        | Noticed a fire dragon
  3967 | D        | Noticed a deep troll shaman
  3968 | D        | Noticed an emperor scorpion
  3973 | D        | Killed a slime creature
  3981 | D        | Killed a fire dragon
  3981 | D        | Reached skill level 5 in Dodging
  3991 | D        | Killed a deep troll earth mage
  4015 | D        | Killed a golden dragon
  4032 | D        | Killed a deep troll shaman
  4039 | D        | Killed a fire dragon
  4042 | D        | Killed an emperor scorpion
  4080 | D        | Noticed a yaktaur captain
  4081 | D        | Noticed a deep elf knight
  4082 | D        | Noticed a rakshasa
  4187 | D        | Killed a yaktaur captain
  4247 | D        | Killed from afar by a deep elf knight

Action                   |  1- 3 |  4- 6 |  7- 9 | 10-12 | 13-15 || total
-------------------------+-------+-------+-------+-------+-------++-------
Melee: Long sword        |    22 |       |       |       |       ||    22
       Scimitar          |     5 |    10 |   164 |   235 |       ||   414
       Triple sword      |       |       |       |   200 |    47 ||   247
Throw: Tomahawk          |       |       |       |       |     3 ||     3
Invok: Greater Servant o |       |       |       |     3 |     6 ||     9
Evoke: Wand              |       |     2 |       |     5 |     2 ||     9
       Fan of gales      |       |       |     1 |     6 |     1 ||     8
  Use: Potion            |       |     2 |       |     4 |     6 ||    12
       Scroll            |       |       |       |     2 |     2 ||     4
 Stab: Distracted        |       |       |       |     1 |       ||     1
  Eat: Chunk             |       |       |     1 |     8 |     4 ||    13
       Bread ration      |       |       |       |     1 |       ||     1
       Fruit             |       |       |       |     1 |       ||     1
